 Dungeon Crawl Stone Soup version 0.17-a0-1528-gfee3901 (webtiles) character file.

165 GagarinX the Cudgeler (level 5, 0/49 HPs)
             Began as a Minotaur Berserker on July 15, 2015.
             Was a Priest of Trog.
             Slain by Grinder (2 damage)
             ... on level 3 of the Dungeon.
             The game lasted 00:15:23 (2836 turns).

GagarinX the Cudgeler (Minotaur Berserker)          Turns: 2836, Time: 00:15:23

Health: 0/49       AC:  3    Str: 22    XL:     5   Next: 22%
Magic:  4/4        EV: 12    Int:  4    God:    Trog [***...]
Gold:   106        SH:  0    Dex: 10    Spells: 0 memorised, 4 levels left

rFire  . . .     SeeInvis .     v - +0 mace (crush)
rCold  . . .     Clarity  +     p - +0 leather armour
rNeg   . . .     SustAt   .     (no shield)
rPois  .         Gourm    .     (helmet restricted)
rElec  .         Spirit   .     (no cloak)
rCorr  .         Warding  .     (no gloves)
rMut   .         Stasis   .     (no boots)
MR     ++...                    s - amulet of clarity
Stlth  +.........               k - ring of protection from magic
                                m - ring of protection from magic

@: about to teleport, very resistant to hostile enchantments, very unstealthy
A: retaliatory headbutt, horns 2
a: Burn Spellbooks, Berserk, Trog's Hand, Renounce Religion


You were on level 3 of the Dungeon.
You worshipped Trog.
Trog was most pleased with you.
You were very hungry.

You visited 1 branch of the dungeon, and saw 3 of its levels.

You collected 106 gold pieces.

Inventory:

Hand weapons
 v - a +0 mace of crushing (weapon)
Armour
 o - a +0 ring mail
 p - a +0 leather armour (worn)
Jewellery
 k - a ring of protection from magic (right hand)
 m - a ring of protection from magic (left hand)
 s - an amulet of clarity (around neck)
 u - a +2 ring of strength
Scrolls
 e - 2 scrolls of enchant armour {unknown}
 g - 2 scrolls of amnesia {unknown}
 i - 3 scrolls of identify {unknown}
Potions
 a - a potion of resistance {unknown}
 d - a potion of cancellation {unknown}
 j - a potion of brilliance
 n - a potion of curing {unknown}
 q - a potion of degeneration {unknown}
Comestibles
 b - a meat ration
 c - 3 bread rations
 l - a beef jerky
 t - a slice of pizza


   Skills:
 + Level 5.6 Fighting
 + Level 5.7 Maces & Flails
 - Level 2.4 Armour
 - Level 2.1 Dodging


You had 4 spell levels left.
You didn't know any spells.

Dungeon Overview and Level Annotations

Branches:
Dungeon (3/15)

Altars:
Gozag
The Shining One

Annotations:
D:3 Grinder, Robin


Innate Abilities, Weirdness & Mutations

You reflexively headbutt those who attack you in melee.
You have a pair of horns on your head.


Message History

Grinder barely misses you. You furiously retaliate!
You headbutt Grinder, but do no damage. The goblin hits you with a dagger.
* * * LOW HITPOINT WARNING * * *
A hobgoblin comes into view.
Read which item? (? for menu, Esc to quit)
As you read the scroll labeled GOAVEI ICWE, it crumbles to dust.
You feel strangely unstable.
It was a scroll of teleportation.
The hobgoblin shouts!
The goblin completely misses you. You furiously retaliate!
You headbutt the goblin!
You kill the goblin!
Trog accepts your kill. Grinder hits you.
* * * LOW HITPOINT WARNING * * *
The goblin hits you with a dagger.
* * * LOW HITPOINT WARNING * * *
You closely miss Grinder. Your headbutt misses Grinder.
Grinder is moderately wounded.
The goblin closely misses you. Grinder hits you.
You die...

## # #. #. .. ##.# ..
.g.#... #. ...g... ##.
### #.gg## .. ...
#ggg#.# #)#.#. ###@#.#
#.....
#..####5#.##.#######....
.......?.........<....##
##.####.#.##########.##
#.#.##########.##
#.#.............#
#<.....#######..##
###.##.# ##...# #..##.#
#>....


You could see Grinder, Robin, a hobgoblin (frenzied) and 5 goblins.

Vanquished Creatures
  The ghost of Tyryt0 the Covered, a weakling HuFi (D:3)
  Ijyb (D:2)
  4 adders
  3 giant geckos
  4 giant cockroaches
  8 hobgoblins
  11 jackals
  10 kobolds
  7 bats
  4 giant newts
  8 goblins
  4 rats
65 creatures vanquished.

Notes
Turn   | Place    | Note
--------------------------------------------------------------
     0 | D:1      | GagarinX the Minotaur Berserker began the quest for the Orb.
     0 | D:1      | Reached XP level 1. HP: 19/19 MP: 0/0
   417 | D:1      | Reached skill level 4 in Fighting
   417 | D:1      | Reached XP level 2. HP: 14/27 MP: 1/1
   928 | D:1      | Acquired Trog's second power
  1090 | D:1      | Reached XP level 3. HP: 7/33 MP: 2/2
  1717 | D:2      | Noticed Ijyb
  1726 | D:2      | Killed Ijyb
  1726 | D:2      | Reached skill level 5 in Maces & Flails
  1726 | D:2      | Reached XP level 4. HP: 37/41 MP: 3/3
  1788 | D:2      | Found a glowing golden altar of the Shining One.
  1864 | D:2      | Reached skill level 5 in Fighting
  2035 | D:2      | Found an opulent altar of Gozag.
  2442 | D:3      | Noticed Tyryt0's ghost (weakling HuFi)
  2450 | D:3      | HP: 1/42 [Tyryt0's ghost (12)]
  2452 | D:3      | Killed Tyryt0's ghost
  2452 | D:3      | Reached XP level 5. HP: 1/49 MP: 4/4
  2809 | D:3      | Noticed Grinder
  2814 | D:3      | Noticed Robin
  2835 | D:3      | HP: 2/49 [goblin/dagger[Robin] (1)]
  2836 | D:3      | Slain by Grinder

Vault maps used:
D:1:      kilobyte_arrival_exit_the_forest, minmay_three_crescents
D:2:      overflow_temple_1_default, grunt_gozag_statues, uniq_iyjb
D:3:      lemuel_doored_altar, uniq_jessica, uniq_robin, uniq_grinder

Action                   |  1- 3 |  4- 6 || total
-------------------------+-------+-------++-------
Melee: Mace              |    66 |    67 ||   133
Invok: Trog's Hand       |     1 |       ||     1
  Use: Potion            |       |     1 ||     1
       Scroll            |       |     2 ||     2
  Eat: Chunk             |     2 |     3 ||     5
